 Dungeon Crawl Stone Soup version 0.28.0-43-g3370ac3207 (webtiles) character file.

Game seed: 3252766331581963816

2878 ZappyNine the Grappler (level 9, -2/92 HPs)
             Began as a Troll Cinder Acolyte on Mar 13, 2022.
             Was a High Priest of Ignis.
             Succumbed to Maggie's poison
             ... on level 7 of the Dungeon.
             The game lasted 00:07:17 (5259 turns).

ZappyNine the Grappler (Troll Cinder Acolyte)       Turns: 5259, Time: 00:07:18

Health: -2/92      AC:  4    Str: 32    XL:     9   Next: 48%
Magic:  9/9        EV: 10    Int: 10    God:    Ignis [*****.]
Gold:   252        SH:  0    Dex:  7    Spells: 10/10 levels left

rFire   + . .      SeeInvis .     - Unarmed
rCold   . . .      Faith    .   (no shield)
rNeg    . . .      Spirit   .   a - +0 robe
rPois   .          Reflect  .   (helmet restricted)
rElec   .          Harm     .   (no cloak)
rCorr   .          Rampage  .   (gloves unavailable)
Will    .....                   (boots unavailable)
Stlth   +.........              p - amulet of regeneration
HPRegen 1.85/turn               b - +6 ring of strength
MPRegen 0.11/turn               (no ring)

@: lethally poisoned (-2 -> -7)
A: large, unfitting armour, claws 3, regeneration 1, shaggy fur 1, tough skin 1
a: Renounce Religion, Fiery Armour, Foxfire Swarm, Rising Flame


You were on level 7 of the Dungeon.
You worshipped Ignis.
Ignis was extremely pleased with you.
You visited 1 branch of the dungeon, and saw 7 of its levels.

You collected 335 gold pieces.
You spent 83 gold pieces at shops.

Inventory:

Missiles
 o - 2 throwing nets (quivered)
Armour
 a - a +0 robe (worn)
Jewellery
 b - a +6 ring of strength (left claw)
 p - an amulet of regeneration (around neck)
Wands
 f - a wand of mindburst (16)
Scrolls
 c - a scroll of immolation {unknown}
 d - a scroll of magic mapping
 e - a scroll of teleportation
 h - 2 scrolls of fear {unknown}
 l - a scroll of identify
 m - a scroll of enchant weapon
 n - a scroll of blinking
Potions
 g - 4 potions of berserk rage
 i - 2 potions of heal wounds
 j - 3 potions of curing
 k - a potion of lignification {unknown}
 q - a potion of ambrosia


   Skills:
 + Level 6.8 Fighting
 + Level 6.2 Dodging
 + Level 8.2 Unarmed Combat
 - Level 1.0 Spellcasting
 - Level 2.1 Fire Magic


You had 10 spell levels left.
You didn't know any spells.
Your spell library contained the following spells:

 Spells                   Type           Power      Damage    Failure   Level
 Scorch                   Fire           8%         2d5       22%         2
 Animate Skeleton         Necr           0%         N/A       34%         1
 Apportation              Tloc           0%         N/A       34%         1
 Freeze                   Ice            0%         1d3       34%         1
 Sandblast                Erth           0%         2d4       34%         1
 Sting                    Tmut/Pois      0%         1d3       34%         1
 Summon Small Mammal      Summ           0%         N/A       34%         1
 Ensorcelled Hibernation  Hex/Ice        0%         N/A       45%         2
 Passwall                 Tmut/Erth      0%         N/A       45%         2
 Poisonous Vapours        Pois/Air       0%         N/A       45%         2
 Inner Flame              Hex/Fire       2%         N/A       54%         3
 Confusing Touch          Hex            0%         N/A       71%         3
 Frozen Ramparts          Ice            0%         1d2       71%         3
 Mephitic Cloud           Conj/Pois/Air  0%         N/A       71%         3
 Stone Arrow              Conj/Erth      0%         3d7       71%         3
 Swiftness                Air            0%         N/A       71%         3
 Flame Wave               Conj/Fire      2%         2d4       91%         4
 Cause Fear               Hex            0%         N/A       98%         4
 Hailstorm                Conj/Ice       0%         3d3       98%         4
 Ice Form                 Ice/Tmut       0%         N/A       98%         4
 Iskenderun's Mystic Bla  Conj/Tloc      0%         2d3       98%         4
 Olgreb's Toxic Radiance  Pois           0%         N/A       98%         4
 Summon Ice Beast         Ice/Summ       0%         N/A       98%         4
 Yara's Violent Unravell  Hex/Tmut       0%         3d3       100%        5
 Dispersal                Tloc           0%         N/A       100%        6
 Enfeeble                 Hex            0%         N/A       100%        7
 Discord                  Hex            0%         N/A       100%        8


Dungeon Overview and Level Annotations

Branches:
Dungeon (7/15)
 Temple: D:4-7

Altars:
Elyvilon
Fedhas
Nemelex Xobeh

Shops:
D:2 *   D:3 !

Annotations:
D:4 3 runed translucent doors, mortz's ghost, amateur DrCj


Innate Abilities, Weirdness & Mutations

You are too large for most types of armour.
You have claws for hands.
Your natural rate of healing is unusually fast.
You are covered in fur. (AC +1)
You have tough skin. (AC +1)


Message History

You feel very sick.
Maggie hits you with a +4 halberd of venom.
Unknown command.
You barely miss Maggie.
Maggie is moderately wounded.
You feel very sick.
Maggie hits you with a +4 halberd of venom!
* * * LOW HITPOINT WARNING * * *
You are more poisoned.
Unknown command.
You mangle Maggie!!
Maggie is severely wounded.
You feel very sick.
Maggie mumbles some strange words.
Maggie draws you further into her thrall.
Unknown command.
Unknown command.
You closely miss Maggie.
Maggie is severely wounded.
You feel very sick. Maggie closely misses you.
Unknown command.
Unknown command.
You scratch Maggie. Your claw misses Maggie.
Maggie is almost dead.
You feel very sick.
Maggie says, "If you die in the Dungeon, but nobody's around to see it, does it really matter?"
Maggie hits you with a +4 halberd of venom!
* * * LOW HITPOINT WARNING * * *
You are lethally poisoned!
You closely miss Maggie.
Maggie is almost dead.
* * * LOW HITPOINT WARNING * * *
You feel very sick.
Unknown command.
Unknown command.
You claw Maggie!
You are no longer entranced.
You kill Maggie!
You die...

....... ####### #.# #
#.. .# #.. #. #..# .
#### ####... .# ...#
#......##.#
...#######.......).#
.........#......@#
...#####.#######.###..#
#### ###...†...)......#
#........##.###..#
#.######.##... .. #.
#.##..## # #.##..#
#.##... #.##....


There were no monsters in sight!

Vanquished Creatures
  Maggie (D:7)
  5 yaks (D:6)
  A steam dragon (D:6)
  A black bear (D:4)
  An ice beast (D:6)
  A necrophage (D:6)
  A hornet zombie (D:5)
  3 centaurs
  An ogre (D:4)
  A phantom (D:4)
  Blork the orc (D:6)
  2 scorpions
  A wyvern zombie (D:6)
  2 water moccasin skeletons
  2 howler monkeys
  2 centaur zombies
  A gnoll shaman (D:4)
  3 hounds
  A jelly (D:5)
  2 iguanas (D:6)
  A bullfrog skeleton (D:5)
  Terence (D:3)
  An orc wizard (D:3)
  2 hound skeletons
  21 gnolls
  6 adders
  2 shadow imps
  2 white imps (D:6)
  An ufetubus (D:5)
  2 dart slugs (D:1)
  A worm (D:4)
  8 orcs
  6 ball pythons
  6 bats
  7 endoplasms
  4 giant cockroaches
  5 goblins
  7 hobgoblins
  2 jackals (D:1)
  3 quokkas
  10 frilled lizards
  6 kobolds
  4 rats
141 creatures vanquished.

Vanquished Creatures (others)
  Sigmund (D:3)
1 creature vanquished.

Grand Total: 142 creatures vanquished

Notes
Turn   | Place    | Note
-------+----------+-------------------------------------------
     0 | D:1      | ZappyNine the Troll Cinder Acolyte began the quest for the
                  | Orb.
     0 | D:1      | Reached XP level 1. HP: 22/22 MP: 1/1
    45 | D:1      | Reached XP level 2. HP: 29/29 MP: 2/2
   152 | D:1      | Reached skill level 1 in Dodging
   247 | D:1      | Found a faded altar of an unknown god.
   286 | D:1      | Reached XP level 3. HP: 36/36 MP: 3/3
   921 | D:2      | Found Othovoy's General Store.
   926 | D:2      | Bought a potion of berserk rage for 50 gold pieces
   959 | D:2      | Reached XP level 4. HP: 42/45 MP: 4/4
  1498 | D:3      | Found Kom Sevuh's Distillery.
  1513 | D:3      | Bought a potion of curing for 33 gold pieces
  1549 | D:3      | Reached skill level 4 in Unarmed Combat
  1557 | D:3      | Reached XP level 5. HP: 21/53 MP: 5/5
  1803 | D:3      | Noticed Sigmund
  1831 | D:3      | Killed Sigmund
  1836 | D:3      | Reached XP level 6. HP: 26/62 MP: 6/6
  1907 | D:3      | Noticed Terence
  1913 | D:3      | Killed Terence
  2179 | D:4      | Found a runed translucent gate.
  2179 | D:4      | Found a runed translucent gate.
  2180 | D:4      | Found a runed translucent gate.
  2182 | D:4      | Noticed mortz's ghost (amateur DrCj)
  2263 | D:4      | Found a white marble altar of Elyvilon.
  2521 | D:4      | Reached skill level 5 in Unarmed Combat
  2595 | D:4      | Reached XP level 7. HP: 62/71 MP: 7/7
  3115 | D:4      | Got the Disquisition on Twisted Attacks
  3124 | D:4      | Found a sparkling altar of Nemelex Xobeh.
  3346 | D:5      | Entered Level 5 of the Dungeon
  3606 | D:5      | Reached skill level 5 in Fighting
  3606 | D:5      | Reached skill level 6 in Unarmed Combat
  3799 | D:5      | Reached XP level 8. HP: 79/80 MP: 8/8
  4330 | D:6      | Noticed Blork the orc
  4342 | D:6      | Killed Blork the orc
  4456 | D:6      | Reached skill level 5 in Dodging
  4537 | D:6      | Reached skill level 7 in Unarmed Combat
  4554 | D:6      | Reached XP level 9. HP: 55/89 MP: 9/9
  4825 | D:6      | Reached skill level 8 in Unarmed Combat
  5046 | D:6      | Found a blossoming altar of Fedhas.
  5246 | D:7      | Noticed Maggie
  5257 | D:7      | HP: 4/92 [Maggie/+4 halberd of venom (10)]
  5258 | D:7      | HP: 1/92 [poisoned by Maggie]
  5259 | D:7      | Killed Maggie
  5259 | D:7      | Succumbed to Maggie's poison

Illustrated notes

Levels and vault maps discovered:
D:1:      grunt_arrival_lava_bath, layout_basic, ebering_ecumenical_altar_webs,
          chequers_serial_rivers_micro_b
D:2:      layout_loops_ring, serial_shops, nicolae_shop_advertising_works
          [nicolae_subvault_shop_adworks], chequers_serial_rivers_micro_c,
          serial_park_tiny_pond, hangedman_feature_mirror, minmay_misc_feat_x
D:3:      layout_basic, serial_shops, shop, uniq_terence, uniq_sigmund
D:4:      layout_basic, lemuel_round_altar, nemelex_diamond_rough_becter,
          gammafunk_ghost_split, st_stairs_14
D:5:      layout_cave_pools
D:6:      layout_loops_ring, fedhas_altar_4, uniq_blork_the_orc
D:7:      layout_basic, amethyst_overflow_temple_binary,
          minmay_temple_entry_waves, dk_noncrumbling_3, uniq_maggie

Skill      XL: |  1  2  3  4  5  6  7  8  9 |
---------------+----------------------------+-----
Dodging        | 1 2 3 4 5 6 |  6.2
Fighting       | 3 4 5 6 |  6.8
Unarmed Combat | 4 5 6 7 8 |  8.2
Spellcasting   | |  1.0
Fire Magic     | |  2.1

Action                   |  1- 3 |  4- 6 |  7- 9 || total
-------------------------+-------+-------+-------++-------
Melee: Unarmed           |   126 |   135 |   227 ||   488
       Punch             |       |       |    12 ||    12
  Use: Scroll            |       |       |    12 ||    12
       Potion            |       |       |     2 ||     2
Armor: Robe              |    61 |    47 |    63 ||   171
Dodge: Dodged            |    65 |    57 |   138 ||   260
